 Dungeon Crawl Stone Soup version 0.29-a0-11-ga75d3d97ab (webtiles) character file.

Game seed: 8138604286369222747

63 HallandMoats the Skirmisher (level 4, -12/40 HPs)
             Began as a Ghoul Monk on Jan 28, 2022.
             Was a Priest of Qazlal.
             Mangled by Crazy Yiuf (17 damage)
             ... on level 2 of the Dungeon.
             The game lasted 00:02:03 (2013 turns).

HallandMoats the Skirmisher (Ghoul Monk)            Turns: 2013, Time: 00:02:04

Health: -12/40     AC:  6    Str: 16    XL:     4   Next: 10%
Magic:  3/3        EV: 11    Int:  5    God:    Qazlal [***...]
Gold:   145        SH:  4    Dex: 11    Spells: 3/3 levels left

rFire   . . .      SeeInvis .     - Unarmed
rCold   + + .      Faith    .   (no shield)
rNeg    + + +      Spirit   .   e - +0 ring mail
rPois   ∞          Reflect  .   f - +0 helmet
rElec   .          Harm     .   k - scarf {shadows}
rCorr   .          Rampage  .   (no gloves)
Will    .....                   (no boots)
Stlth   +.........              (no amulet)
HPRegen 0.00/turn               d - ring of protection from cold
MPRegen 0.08/turn               (no ring)

@: inhibited regen, invisible
A: claws 1, cold resistance 1, negative energy resistance 3, inhibited
regeneration, torment resistance 2
a: Renounce Religion, Upheaval, Elemental Force


You were on level 2 of the Dungeon.
You worshipped Qazlal.
Qazlal was most pleased with you.
You visited 1 branch of the dungeon, and saw 2 of its levels.

You collected 145 gold pieces.

Inventory:

Armour
 e - a +0 ring mail (worn)
 f - a +0 helmet (worn)
 k - a scarf of shadows (worn)
Jewellery
 d - a ring of protection from cold (left claw)
Scrolls
 h - a scroll of holy word {unknown}
 l - a scroll of immolation {unknown}
Potions
 a - a potion of lignification {unknown}
 b - a potion of berserk rage {unknown}
 c - a potion of invisibility {unknown}
 g - a potion of flight {unknown}
 i - a potion of brilliance {unknown}
 j - a potion of cancellation {unknown}
 m - a potion of mutation {unknown}


   Skills:
 * Level 4.0 Fighting
 + Level 1.0 Armour
 + Level 2.9 Dodging
 - Level 2.1 Stealth
 * Level 3.9 Unarmed Combat
 * Level 1.3 Invocations


You had 3 spell levels left.
You didn't know any spells.
Your spell library contained the following spells:

 Spells                   Type           Power      Damage    Failure   Level
 Animate Skeleton         Necr           0%         N/A       71%         1
 Apportation              Tloc           0%         N/A       71%         1
 Summon Small Mammal      Summ           0%         N/A       71%         1


Dungeon Overview and Level Annotations

Branches:
Dungeon (2/15)

Altars:
Qazlal

Annotations:
D:2 Crazy Yiuf


Innate Abilities, Weirdness & Mutations

You thrive by killing the living.
You are immune to poison.
You have sharp fingernails.
Your flesh is cold resistant. (rC+)
You are immune to negative energy. (rN+++)
You do not regenerate when monsters are visible.
You are immune to unholy pain and torment.


Message History

You see here a +0 mace.
You see here a +0 mace.
Found three maces.
You see here a +0 mace.
You open the door. You scratch Crazy Yiuf.
Crazy Yiuf is moderately wounded.
Crazy Yiuf hits you with a +2 quarterstaff of chaos!
You barely miss Crazy Yiuf.
Crazy Yiuf is moderately wounded.
Crazy Yiuf cries, "You leg down broken song, no?"
Crazy Yiuf hits you with a +2 quarterstaff of chaos.
Space warps around you!
You closely miss Crazy Yiuf.
Crazy Yiuf is moderately wounded.
Crazy Yiuf hits you with a +2 quarterstaff of chaos.
You fade into invisibility!
You scratch Crazy Yiuf but do no damage.
Crazy Yiuf is moderately wounded.
Crazy Yiuf closely misses you.
You strike the helpless Crazy Yiuf from behind!
You scratch Crazy Yiuf.
Crazy Yiuf is heavily wounded.
You block Crazy Yiuf's attack.
You barely miss Crazy Yiuf.
Crazy Yiuf is heavily wounded.
Crazy Yiuf hits you with a +2 quarterstaff of chaos.
You fade further into invisibility.
You completely miss Crazy Yiuf.
Crazy Yiuf is heavily wounded.
Crazy Yiuf misses you.
You scratch Crazy Yiuf.
Crazy Yiuf is severely wounded.
Crazy Yiuf closely misses you.
You scratch Crazy Yiuf but do no damage.
Crazy Yiuf is severely wounded.
Crazy Yiuf hits you with a +2 quarterstaff of chaos!
* * * LOW HITPOINT WARNING * * *
You are electrocuted!
You die...

#.###....#
#.# ##..##
#.# ♣....♣
#.# ♣)..♣♣
#.# ♣♣)♣♣
########.#
♣)♣♣
#........#
♣♣)♣
#........#
♣)♣♣
#........#
♣♣@♣
#..>.....#
#g#
##.....)..#
)))
#.........#
#)))#
#.........#
#).)#
##.........#
#####
#..........#
#.##.....#.#
# #.###...#


You could see Crazy Yiuf.

Vanquished Creatures
  Robin (D:2)
  An adder (D:2)
  A dart slug (D:1)
  3 ball pythons
  An endoplasm (D:1)
  A giant cockroach (D:1)
  11 goblins
  7 hobgoblins
  2 quokkas
  2 bats (D:2)
  2 frilled lizards (D:2)
  4 kobolds
  A rat (D:1)
37 creatures vanquished.

Notes
Turn   | Place    | Note
-------+----------+-------------------------------------------
     0 | D:1      | HallandMoats the Ghoul Monk began the quest for the Orb.
     0 | D:1      | Reached XP level 1. HP: 19/19 MP: 0/0
   672 | D:1      | Found a faded altar of an unknown god.
   681 | D:1      | Prayed at the altar of an unknown god.
   681 | D:1      | Became a worshipper of Qazlal Stormbringer
   681 | D:1      | Reached * piety under Qazlal
   681 | D:1      | Reached ** piety under Qazlal
   684 | D:1      | Reached XP level 2. HP: 25/26 MP: 1/1
  1273 | D:2      | Noticed Robin
  1279 | D:2      | Reached *** piety under Qazlal
  1560 | D:2      | Reached XP level 3. HP: 33/33 MP: 2/2
  1613 | D:2      | Killed Robin
  1614 | D:2      | Reached skill level 1 in Invocations
  1729 | D:2      | Reached skill level 4 in Fighting
  1737 | D:2      | Reached skill level 1 in Armour
  1761 | D:2      | Reached XP level 4. HP: 40/40 MP: 3/3
  2000 | D:2      | Found a runed translucent door.
  2001 | D:2      | Noticed Crazy Yiuf
  2013 | D:2      | Mangled by Crazy Yiuf

Illustrated notes

Levels and vault maps discovered:
D:1:      minmay_arrival_four_circles, layout_basic, basic_ecumenical_altar,
          lemuel_flame_loot_1
D:2:      layout_rooms, uniq_crazy_yiuf_cottage, uniq_robin

Skill      XL: |  1  2  3 |
---------------+----------+-----
Invocations    | 1 |  1.3
Fighting       | 4 |  4.0
Armour         | 1 |  1.0
Dodging        | |  2.9
Stealth        | |  2.1
Unarmed Combat | |  3.9

Action                   |  1- 3 |  4- 6 || total
-------------------------+-------+-------++-------
Melee: Unarmed           |    84 |    30 ||   114
       Punch             |     2 |       ||     2
 Stab: Sleeping          |     1 |       ||     1
       Invisible         |       |     1 ||     1
Armor: Robe              |     3 |       ||     3
       Ring mail         |    22 |     5 ||    27
Dodge: Dodged            |    46 |    11 ||    57
Block: Other             |    22 |     7 ||    29

Table legend: (Time is in decaauts)
 A = Elapsed time spent in this place.
 B = Non-inter-level travel time spent in this place.
 C = Inter-level travel time spent in this place.
 D = Time resting spent in this place.
 E = Time spent auto-exploring this place.
 F = Levels seen in this place.
 G = Mean time per level.
                   A        B        C        D        E       F      G
               +--------+--------+--------+--------+--------+-----+--------+
         Total |   2010 |   1963 |     47 |    257 |   1415 |   2 | 1005.0 |
       Dungeon |   2010 |   1963 |     47 |    257 |   1415 |   2 | 1005.0 |
               +--------+--------+--------+--------+--------+-----+--------+

Top non-repeatable levels by time:
     D:1: 1487 daAuts
     D:2: 522 daAuts
